 Dungeon Crawl Stone Soup version 0.18-a0-1721-gc4d1f22 (webtiles) character file.

475 Chiseanne the Skirmisher (level 6, 0/79 HPs)
             Began as a Centaur Air Elementalist on Apr 9, 2016.
             Was an Initiate of Gozag.
             Slain by a centaur (3 damage)
             ... on level 5 of the Dungeon.
             The game lasted 00:16:37 (6621 turns).

Chiseanne the Skirmisher (Centaur Air Elementalist) Turns: 6621, Time: 00:16:38

Health: 0/79       AC: 23    Str: 11    XL:     6   Next: 84%
Magic:  8/8        EV:  1    Int: 16    God:    Gozag
Gold:   390        SH:  0    Dex:  9    Spells: 2 memorised, 5 levels left

rFire  . . .     SeeInvis .     m - +0 long sword
rCold  . . .     Gourm    .     (armour currently unavailable)
rNeg   + + +     Faith    .     (no shield)
rPois  +         Spirit   .     (helmet currently unavailable)
rElec  .         Dismiss  .     (cloak currently unavailable)
rCorr  .         Reflect  .     (gloves currently unavailable)
SustAt .         Harm     .     (no barding)
MR     .....     NoTele   +     (no amulet)
Stlth  ++........               (no ring)
                                (no ring)

@: tree-form, repel missiles, not resistant to hostile enchantments, unstealthy
A: (hooves 0), (deformed body), (speed 0), (tough skin 0)
a: Potion Petition, Call Merchant, Bribe Branch, Renounce Religion


You were on level 5 of the Dungeon.
You worshipped Gozag.
Gozag was noncommittal.
You were not hungry.
You were a tree.
You visited 2 branches of the dungeon, and saw 6 of its levels.

You collected 426 gold pieces.
You paid 36 gold pieces to Gozag.

Inventory:

Hand Weapons
 m - a +0 long sword (weapon)
Missiles
 c - 4 tomahawks (quivered)
 h - 33 arrows
 o - 3 needles of paralysis
 r - 11 bolts
Armour
 a - a +0 ring mail (melded)
 q - a +1 cloak (melded)
 t - the +2 leather armour of Ocie {rElec Str-5 Dex+2}
   (You found it on level 5 of the Dungeon)

   It affects your strength (-5).
   It affects your dexterity (+2).
   It insulates you from electricity.
Scrolls
 e - 3 scrolls of immolation
 j - 3 scrolls of recharging
 s - a scroll of amnesia
Potions
 d - a potion of agility
 g - a potion of curing {unknown}
 i - a potion of might {unknown}
 k - a potion of brilliance {unknown}
 l - a potion of beneficial mutation {unknown}
 n - a potion of flight {unknown}
 u - a potion of degeneration {unknown}
Books
 b - a book of Air

   Spells                             Type                      Level
   a - Shock                          Conjuration/Air              1
   b - Swiftness                      Charms/Air                   2
   c - Repel Missiles                 Charms/Air                   2
   d - Static Discharge               Conjuration/Air              3
   e - Lightning Bolt                 Conjuration/Air              5
Comestibles
 f - 3 meat rations


   Skills:
 * Level 4.6 Fighting
 * Level 1.2 Armour
 * Level 3.9 Dodging
 - Level 1.2 Stealth
 - Level 1.5 Spellcasting
 - Level 0.8 Conjurations
 - Level 2.6 Air Magic


You had 5 spell levels left.
You knew the following spells:

 Your Spells              Type           Power        Failure   Level  Hunger
a - Shock                 Conj/Air       #...         12%         1    ##.....
b - Repel Missiles        Chrm/Air       #.....       21%         2    ###....


Dungeon Overview and Level Annotations

Branches:
Dungeon (5/15)             Temple (1/1) D:5

Altars:
Cheibriados
Dithmenos
Elyvilon
Fedhas
Gozag
Makhleb
Qazlal
Ru
Sif Muna
Trog
Vehumet
Xom
Zin

Annotations:
D:2 Sigmund
D:3 azaza322's ghost, amateur GrFi
D:4 Dowan; Duvessa; Grinder
D:5 Eustachio


Innate Abilities, Weirdness & Mutations

((You have hooves in place of feet.))
((Armour fits poorly on your strangely shaped body.))
((You cover ground very quickly.))
((You have extremely tough skin (AC +3).))


Message History

The centaur is severely wounded.
The centaur hits you.
* * * LOW HITPOINT WARNING * * *
The centaur barely misses you.
You closely miss the centaur.
The centaur is severely wounded.
The centaur hits you but does no damage.
The centaur hits you.
* * * LOW HITPOINT WARNING * * *
Drink which item? (? for menu, Esc to quit)
You turn into a tree.
Your +1 cloak melds into your body.
Your +0 ring mail melds into your body.
Your roots penetrate the ground.
The centaur hits you but does no damage.
The centaur hits you.
* * * LOW HITPOINT WARNING * * *
You hit the centaur.
The centaur is severely wounded.
The centaur completely misses you. The centaur hits you.
You die...
Your body crumbles into a pile of gold.

##########.#
#..........#
#.#################
#.# #...........
#.# #.##########
#.# #.# #Y# #.#
#c######.#
#.♣(.....#
##########


You could see a sky beast and a centaur.

Vanquished Creatures
  A scorpion (D:5)
  An orc priest (D:4)
  A hound (D:5)
  A centaur skeleton (D:5)
  Natasha (thrice) (D:3 D:2)
  3 orc wizards
  A worker ant (D:4)
  A worker ant zombie (D:5)
  7 adders
  An ooze (D:3)
  2 worms
  A dart slug (D:1)
  A giant gecko (D:4)
  13 orcs
  4 giant cockroaches
  5 hobgoblins
  4 jackals (D:3)
  2 quokkas
  A ball python (D:3)
  4 bats
  5 giant newts
  5 goblins
  4 rats
71 creatures vanquished.

Notes
Turn   | Place    | Note
--------------------------------------------------------------
     0 | D:1      | Chiseanne the Centaur Air Elementalist began the quest for the Orb.
     0 | D:1      | Reached XP level 1. HP: 14/14 MP: 3/3
   403 | D:1      | Reached skill level 1 in Fighting
   403 | D:1      | Reached XP level 2. HP: 23/23 MP: 0/4
  1411 | D:2      | Learned a level 2 spell: Repel Missiles
  1460 | D:2      | Reached XP level 3. HP: 22/29 MP: 1/5
  1635 | D:2      | Found a faded altar to an unknown god.
  1668 | D:2      | Found a sacrificial altar of Ru.
  1820 | D:2      | Reached skill level 2 in Fighting
  1821 | D:2      | Noticed Sigmund
  2175 | D:3      | Reached XP level 4. HP: 26/37 MP: 0/6
  2236 | D:3      | Noticed azaza322's ghost (amateur GrFi)
  2625 | D:3      | Noticed Natasha
  2643 | D:3      | Killed Natasha
  2948 | D:3      | Reached skill level 3 in Fighting
  3053 | D:3      | HP: 1/38 [orc wizard/puff of frost (7)]
  3466 | D:3      | Reached XP level 5. HP: 42/45 MP: 4/7
  3490 | D:3      | Noticed Natasha
  3501 | D:3      | Killed Natasha
  3512 | D:3      | Noticed Natasha
  3663 | D:2      | Killed Natasha
  4099 | D:3      | Found a glowing silver altar of Zin.
  4099 | D:3      | Found an opulent altar of Gozag.
  4115 | D:3      | Became a worshipper of Gozag Ym Sagoz the Greedy
  4331 | D:3      | Found a stormy altar of Qazlal.
  4334 | D:3      | Found a radiant altar of Vehumet.
  4589 | D:4      | Noticed Grinder
  4688 | D:4      | Reached skill level 4 in Fighting
  4794 | D:4      | Reached XP level 6. HP: 35/52 MP: 1/8
  5007 | D:4      | Noticed Dowan
  5008 | D:4      | Noticed Duvessa
  5039 | D:5      | Entered Level 5 of the Dungeon
  5326 | D:5      | Got a distressingly furry leather armour
  5341 | D:5      | Identified the +2 leather armour of Ocie {rElec Str-5 Dex+2} (You found it on level 5 of the Dungeon)
  5486 | D:5      | Found a staircase to the Ecumenical Temple.
  5493 | Temple   | Entered the Ecumenical Temple
  6094 | D:5      | Reached skill level 1 in Armour
  6138 | D:5      | Noticed a sky beast
  6528 | D:5      | Noticed Eustachio
  6620 | D:5      | HP: 3/79 [centaur (2)]
  6621 | D:5      | Slain by a centaur

Vault maps used:
D:1:      ncdulo_lavacross
D:2:      nicolae_ru_sacrificial_ziggurat, ecumenical_altar_2,
          guppyfry_early_lair_pool, uniq_sigmund
D:3:      grunt_temple_overflow_gold_and_silver, minitemple, first_bread,
          uniq_natasha
D:4:      uniq_duvessa, uniq_grinder
D:5:      okawaru_altar_gauntlet_db, minmay_temple_entry_hall, grunt_decor_cap,
          uniq_eustachio
Temple:   minmay_temple_bridge_b_8

Skill      XL: |  1  2  3  4  5  6 |
---------------+-------------------+-----
Fighting       | 1 2 3 4 |  4.6
Dodging        | 2 3 |  3.9
Armour         | 1 |  1.2
Stealth        | |  1.2
Spellcasting   | |  1.5
Conjurations   | |  0.8
Air Magic      | |  2.6

Action                   |  1- 3 |  4- 6 || total
-------------------------+-------+-------++-------
Melee: Club              |     8 |       ||     8
       Unarmed           |     6 |       ||     6
       Long sword        |    39 |   171 ||   210
       Short sword       |     8 |       ||     8
 Cast: Shock             |    43 |    98 ||   141
       Repel Missiles    |     1 |     1 ||     2
  Use: Scroll            |     6 |     8 ||    14
       Potion            |       |     3 ||     3
  Eat: Chunk             |     4 |     5 ||     9
       Beef jerky        |       |     3 ||     3
       Bread ration      |       |     2 ||     2
